AoeStats
← schwellle

Four Lakes

509453642Analyzed
1v1 RM · 7d ago on Sep 26, 2026· 32m 4s· 2 players
Game mode
Random Map
Map size
Tiny (2 player)
Population
200
Speed
Normal
Resources
Standard
Victory
Conquest
Starting age
Dark Age
Ending age
Imperial Age
RankedLock teamsTeams togetherTeam positionsShared explorationLock speedFull tech treeHidden civsTurbo modeCheats
Victory
Defeat
🇩🇪 Varangians · Germany
1008
+17
🇵🇪 Byzantines · Peru
1032
-17
schwellle
7:26 Loom
9:49 Feudal Age
10:20 Double-Bit Axe
11:14 Fishing Lines
17:36 Castle Age
16:32 Scale Mail Armor
16:53 Gold Mining
17:17 Forging
19:17 Chain Mail Armor
19:21 Squires
20:05 Gillnets
21:24 Arson
23:31 Iron Casting
23:50 Wheelbarrow
23:24 Husbandry
25:43 Scale Barding Armor
26:07 Bloodlines
25:56 Horse Collar
27:39 Chain Barding Armor
30:16 Stone Mining
30:13 Town Watch
30:36 Vendel Legacy
31:36 Fletching
DanoDMonkey
2:32 Loom
10:05 Feudal Age
11:10 Double-Bit Axe
11:01 Man-at-Arms
21:04 Castle Age
20:20 Forging
21:03 Fletching
21:12 Long Swordsman
22:07 Crossbowman
22:54 Scale Mail Armor
23:14 Squires
24:04 Bow Saw
23:43 Gambesons
30:25 Wheelbarrow
29:59 Horse Collar
30:19 Fishing Lines
Connection lost

Rejoining the realm…

Still unreachable

The connection could not be restored.

Session expired

The server has moved on; the page needs a fresh start.